 Dungeon Crawl Stone Soup version 0.31-a0-198-g2ad674f65e (webtiles) character file.

Game seed: 15048967276145498220

30 qw the Shooter (level 3, -5/20 HPs)
             Began as a Deep Elf Hunter on June 25, 2023.
             Slain by a worm (8 damage)
             ... on level 1 of the Dungeon.
             The game lasted 00:00:20 (1051 turns).

qw the Shooter (Deep Elf Hunter)                    Turns: 1051, Time: 00:00:20

Health: -5/20      AC:  7    Str: 10    XL:     3   Next: 3%
Magic:  5/5        EV: 11    Int: 13    God:
Gold:   47         SH:  0    Dex: 18    Spells: 2/2 levels left

rFire   . . .        Y - +0 shortbow
rCold   . . .        (shield currently unavailable)
rNeg    . . .        j - +0 ring mail
rPois   .            (no helmet)
rElec   .            (no cloak)
rCorr   .            (no gloves)
SInv    .            i - +1 pair of boots
Will    .....        (no amulet)
Stlth   +            (no ring)
HPRegen 0.23/turn    (no ring)
MPRegen 0.09/turn

%: no passive effects
@: weak-willed
A: no striking features
a: no special abilities


You were on level 1 of the Dungeon.
You visited 1 branch of the dungeon, and saw 2 of its levels.

You collected 47 gold pieces.


   Skills:
 - Level 1.5 Fighting
 + Level 6.6 Ranged Weapons
 - Level 2.4 Dodging
 - Level 1.2 Stealth


You had 2 spell levels left.
You didn't know any spells.
Your spell library was empty.

Inventory:

Hand Weapons
 Y - a +0 shortbow (weapon)
Armour
 i - a +1 pair of boots (worn)
 j - a +0 ring mail (worn)
Potions
 l - a potion of brilliance {unknown}
 n - a potion of heal wounds {unknown}

Dungeon Overview and Level Annotations

Branches:
Dungeon (2/15)

Altars:


Message History

The adder is lightly wounded.
The adder completely misses you.
The frilled lizard bites you but does no damage.
The endoplasm freezes you.
You are frozen.
The adder bites you.
1046 ||| STAIRDANCE The frilled lizard bites you but does no damage.
The endoplasm freezes you.
You are frozen.
The worm barely misses you. The adder bites you but does no damage.
You climb upwards.
There is a stone staircase leading down here.
Enter note:
Enter note:
Enter note:
Enter note: You shoot an arrow.
The arrow hits the adder.
The adder is moderately wounded.
The frilled lizard bites you but does no damage.
The endoplasm freezes you.
You are frozen.
The adder misses you. The worm bites you but does no damage.
The endoplasm freezes you.
You are frozen.
The frilled lizard barely misses you. The adder bites you but does no damage.
You shoot an arrow.
The arrow hits the adder but does no damage.
The adder is moderately wounded.
The adder bites you but does no damage. The endoplasm closely misses you.
The frilled lizard closely misses you. The worm bites you.
You shoot an arrow. The arrow misses the adder.
The adder barely misses you. The frilled lizard barely misses you.
The endoplasm hits you but does no damage.
The adder bites you but does no damage.
You shoot an arrow. The arrow closely misses the adder.
The adder bites you but does no damage. The endoplasm freezes you.
You are frozen.
The frilled lizard bites you but does no damage.
The worm bites you!
You die...

.......#.#.....#....##
##.##.###
.......#.#..#......## ####.#
##.......#..##....## #.#
####....?......+## #.#
############.#.# #.#
############...# #.#
#######........## #.#
#######.#####...###########.#
#####......#.l@.............#
#######.#...#wSJ.############
#######........#.#
###........# ##########


You could see a worm, an adder, an endoplasm and a frilled lizard.

Vanquished Creatures
  A gnoll (D:1)
  5 ball pythons (D:1)
  A bat (D:1)
  An endoplasm (D:1)
  2 goblins (D:1)
  4 hobgoblins (D:1)
  A jackal (D:1)
  A kobold (D:1)
  A frilled lizard (D:1)
  3 rats (D:1)
20 creatures vanquished.

Notes
Turn   | Place    | Note
-------+----------+-------------------------------------------
     0 | D:1      | qw the Deep Elf Hunter began the quest for the Orb.
     0 | D:1      | Reached XP level 1. HP: 12/12 MP: 3/3
     0 | D:1      | 0 ||| qw: Version: 0.3-a-22-g0ed2b0b
     0 | D:1      | 0 ||| qw: Game counter: 5256
     0 | D:1      | 0 ||| qw: Melee chars always use a shield: true
     0 | D:1      | 0 ||| qw: God list: Okawaru
     0 | D:1      | 0 ||| qw: Allow faded altars: false
     0 | D:1      | 0 ||| qw: Do Orc after clearing Dungeon:15 true
     0 | D:1      | 0 ||| qw: Do second Lair branch before Depths: true
     0 | D:1      | 0 ||| qw: Lair rune preference: random
     0 | D:1      | 0 ||| qw: Goals: Normal
     0 | D:1      | 0 ||| PLANNING D:1-11
   256 | D:1      | Found a faded altar of an unknown god.
   334 | D:1      | Reached skill level 6 in Ranged Weapons
   334 | D:1      | Reached XP level 2. HP: 16/16 MP: 4/4
   841 | D:1      | Reached XP level 3. HP: 20/20 MP: 5/5
   990 | D:1      | 990 ||| UPGRADING to +0 scale mail.
  1000 | D:1      | 1000 ||| DROPPING +0 leather armour.
  1001 | D:1      | 1001 ||| UPGRADING to +0 pair of boots.
  1006 | D:1      | 1006 ||| UPGRADING to +0 ring mail.
  1016 | D:1      | 1016 ||| DROPPING +0 scale mail.
  1017 | D:1      | 1017 ||| READING 2 scrolls labelled XOTORAO BY JYA.
  1018 | D:1      | 1018 ||| READING scroll of enchant armour.
  1018 | D:1      | 1018 ||| ENCHANTING +0 pair of boots.
  1019 | D:1      | 1019 ||| READING scroll labelled MUNWYJETANO.
  1020 | D:1      | 1020 ||| READING scroll labelled QAXOARGH INWEMO.
  1021 | D:1      | 1021 ||| READING scroll labelled USADEL PERYNT.
  1022 | D:1      | 1022 ||| READING scroll labelled UJUCE PUYPS.
  1025 | D:1      | 1025 ||| READING scroll labelled TENAUTAUWIA.
  1026 | D:1      | 1026 ||| DROPPING scroll of butterflies.
  1046 | D:2      | 1046 ||| STAIRDANCE
  1051 | D:1      | HP: 3/20 [frozen (4)]
  1051 | D:1      | Slain by a worm

Levels and vault maps discovered:
D:1:      dpeg_cavernosity, layout_loops_corners, basic_ecumenical_altar,
          minmay_tromino_v2
D:2:      layout_basic, minivault_14

Skill      XL: |  1 |
---------------+----+-----
Ranged Weapons | 6 |  6.6
Fighting       | |  1.5
Dodging        | |  2.4
Stealth        | |  1.2

Action                     || total
---------------------------++-------
   Fire: Shortbow          ||    70
    Use: Scroll            ||     7
 Armour: Leather armour    ||     6
         Ring mail         ||    14
  Dodge: Dodged            ||    24

Table legend:
 A = Non-vault XP
 B = Vault XP
 C = Vault XP percentage of total XP
 D = Non-vault monster count
 E = Vault monster count
 F = Vault count percentage of total count
                 A         B        C        D         E       F
            +---------+---------+-------+---------+---------+-------
      Total |      22 |      21 |  48.8 |      14 |       6 |  30.0
            +---------+---------+-------+---------+---------+-------
        D:1 |      22 |      21 |  48.8 |      14 |       6 |  30.0
            +---------+---------+-------+---------+---------+-------
